Map: Cerulean Fall LE

Players

Odin

  • Race: Zerg Zerg
  • League: Gold
  • Spawn Location: 7:00

keyser - Winner!

  • Race: Terran Terran
  • League: Gold
  • Spawn Location: 1:00

VOD

Have the link to the VOD?

Description

Time

  • Played on: Dec. 11, 2018, 5:27 a.m.
  • Length: 13:31
Show
View Real Time Build Order
Export as new Build Order

Odin Zerg 

Build Orders: 1 Base Baneling Bust, Pool First, Zergling Baneling 

Get SALT Encoding   

  12  0:20  Spawning Pool  
  11  0:22  Drone  
  11  0:27  Drone  
  13  0:32  Drone  
  14  0:40  Overlord  
  14  0:56  Extractor  
  13  1:07  Zergling x6  
  13  1:08  Queen  
  18  1:22  Drone  
  19  1:32  Extractor, Zergling x2  
  19  1:47  Baneling Nest  
  19  1:52  Zergling x4  
  18  2:38  Zergling x6  
  18  2:41  Overlord  
  21  2:44  Baneling x3  
  21  2:45  Baneling x6  
  17  3:22  Drone  
  17  3:23  Drone x2  
  17  3:53  Hatchery  
  16  3:59  Drone x3  
  19  4:13  Metabolic Boost  
  19  4:15  Zergling x2  
  20  4:36  Drone x3  
  23  4:42  Zergling x4  
  23  4:44  Zergling x2  
  26  4:55  Lair  
  26  5:20  Queen  
  27  6:11  Hydralisk Den  
  26  6:15  Hatchery, Drone x10  
  26  6:16  Drone  
  26  6:17  Overlord x2  
  34  6:34  Drone  
  34  6:35  Drone x2  
  34  6:38  Drone  
  38  6:43  Hydralisk  
  38  6:44  Hydralisk x2  
  44  6:48  Hydralisk  
  44  6:51  Hydralisk  
  48  6:58  Hydralisk  
  50  7:19  Extractor  
  50  7:20  Extractor, Hydralisk  
  50  7:23  Overlord  
  50  7:24  Overlord x4  
  50  7:31  Baneling x3  
  50  7:34  Burrow  
  50  7:38  Hydralisk  
  52  7:56  Queen  
  54  7:59  Hydralisk x4  
  62  8:18  Zergling x8  
  66  8:23  Hydralisk  
  66  8:24  Hydralisk x3  
  74  8:31  Muscular Augments  
  74  8:40  Baneling x3  
  74  8:41  Baneling  
  74  8:54  Baneling x6  
  74  9:25  Hydralisk x5  
  84  9:34  Drone  
  84  9:35  Drone x5  
  84  9:38  Overlord x6  
  90  9:48  Grooved Spines  
  83  10:08  Overseer x2  
  60  10:29  Hydralisk  
  60  10:30  Hydralisk x7  
  76  10:41  Pneumatized Carapace  
  76  11:06  Hydralisk x6  
  88  11:22  Lurker Den  
  87  11:56  Centrifical Hooks  
  87  11:58  Zergling x16  
  87  11:59  Zergling x14  
  58  12:34  Hydralisk x12  
  63  12:58  Zergling x10  
  66  12:59  Zergling x4  
Show
View Real Time Build Order
Export as new Build Order

keyser Terran - Winner!

Build Orders: Liberator Opening 

Get SALT Encoding   

  12  0:01  SCV  
  13  0:16  Supply Depot  
  13  0:17  SCV  
  14  0:29  SCV  
  15  0:41  Barracks  
  15  0:45  Refinery, SCV  
  16  0:57  SCV  
  17  1:10  SCV  
  18  1:22  SCV  
  19  1:28  Supply Depot  
  19  1:29  Reaper  
  20  1:36  Orbital Command  
  20  1:47  Barracks  
  20  2:09  Marine  
  20  2:13  Factory  
  21  2:21  Bunker  
  21  2:27  Marine  
  22  2:38  Barracks Tech Lab  
  22  2:41  SCV  
  22  2:42  Refinery  
  23  2:45  Marine  
  24  3:02  Starport  
  24  3:03  Marine  
  23  3:45  Starport Tech Lab  
  23  3:48  Supply Depot x2  
  23  3:58  Liberator  
  23  4:09  Marine  
  26  4:10  Hellion  
  29  4:18  Supply Depot  
  31  4:33  Factory Tech Lab  
  31  4:36  Marauder  
  31  4:44  Marine  
  32  4:53  Command Center  
  32  5:02  Marine  
  33  5:19  Marine  
  34  5:21  SCV  
  35  5:33  SCV  
  36  5:40  Barracks Reactor  
  36  5:43  Siege Tank  
  36  5:45  SCV  
  39  6:15  Siege Tank  
  42  6:21  SCV  
  43  6:28  Refinery, Orbital Command  
  43  6:33  Marine x2, SCV  
  43  6:38  Medivac  
  48  6:45  SCV  
  49  6:47  Siege Tank  
  49  6:50  Marine  
  49  6:51  Marine  
  54  6:57  SCV  
  55  7:08  Marine x2, Medivac  
  57  7:09  SCV, Supply Depot x2  
  57  7:10  Supply Depot  
  57  7:12  Engineering Bay  
  57  7:13  SCV  
  61  7:18  Refinery  
  61  7:21  SCV  
  62  7:30  Marine x2, SCV  
  62  7:31  Hellion  
  62  7:33  SCV, Supply Depot  
  62  7:34  Supply Depot  
  62  7:35  Supply Depot  
  68  7:42  SCV  
  68  7:43  Armory  
  69  7:45  SCV  
  70  7:52  Hellion  
  70  7:55  SCV  
  70  7:57  SCV  
  74  7:59  Banshee  
  74  8:01  Cloaking Field  
  77  8:07  SCV  
  77  8:10  SCV  
  79  8:13  Hellion  
  81  8:35  Hellion  
  83  8:42  Banshee  
  86  8:56  Hellion  
  88  9:07  Marine x2, Marauder  
  92  9:15  Supply Depot  
  92  9:18  Supply Depot, Hellion  
  94  9:25  Marine x2  
  94  9:28  Marauder  
  98  9:39  Siege Tank  
  98  9:42  Marine, Supply Depot  
  98  9:43  Marine, Command Center  
  103  9:50  Marauder  
  105  10:00  Marine x2  
  102  10:11  Marine  
  80  10:18  Marine x2  
  76  10:29  Marauder  
  76  10:31  Siege Tank  
  81  10:36  Marine x2  
  83  10:50  Marine  
  83  10:54  Marine x2  
  86  10:58  Liberator  
  86  11:03  Siege Tank  
  89  11:08  Marine  
  90  11:11  Marine  
  90  11:12  Marine  
  95  11:18  Terran Vehicle Weapons Level 1  
  95  11:23  Supply Depot  
  95  11:26  Marauder  
  95  11:28  Terran Infantry Weapons Level 1  
  95  11:30  Supply Depot  
  95  11:31  Combat Shield  
  97  11:35  Siege Tank  
  100  11:41  Liberator  
  100  11:47  Marine, Supply Depot  
  104  12:07  Siege Tank  
  72  12:39  Marauder, Siege Tank  
  72  12:40  Marine x2  
  79  12:58  Marine x2  
  79  13:01  Marauder  
Tags
 
Add a new tag
Caveats
  • Supply blocks, unpowered buildings, or Contaminate may cause inaccurate times.
  • Supply counts are checked every 10 seconds.